 Dungeon Crawl Stone Soup version 0.20-a0-754-g13ddd6e (webtiles) character file.

186 poirepourri the Skirmisher (level 5, -6/43 HPs)
             Began as a Barachian Fighter on Feb 25, 2017.
             Mangled by an ogre
             ... wielding a +0 giant club
              (22 damage)
             ... on level 4 of the Dungeon.
             The game lasted 00:02:55 (2990 turns).

poirepourri the Skirmisher (Barachian Fighter)      Turns: 2990, Time: 00:02:56

Health: -6/43      AC:  6    Str: 17    XL:     5   Next: 65%
Magic:  5/5        EV:  7    Int:  8    God:
Gold:   145        SH:  9    Dex: 13    Spells: 4/4 levels left

rFire    . . .     SeeInvis .   a - +0 war axe
rCold    . . .     Gourm    .   b - +0 scale mail
rNeg     . . .     Faith    .   c - +0 shield
rPois    .         Spirit   .   (no helmet)
rElec    .         Reflect  .   (no cloak)
rCorr    .         Harm     .   (no gloves)
MR       .....                  (no boots)
Stlth    ..........             m - amulet of regeneration
Regen    0.6/turn               (no ring)
MPRegen  0.1/turn               (no ring)

@: slow
A: swims, slowness 1, strong legs 1
a: Hop


You were on level 4 of the Dungeon.
You were not hungry.

You visited 1 branch of the dungeon, and saw 4 of its levels.

You collected 145 gold pieces.

Inventory:

Hand Weapons
 a - a +0 war axe (weapon)
Missiles
 i - 5 tomahawks (quivered)
Armour
 b - a +0 scale mail (worn)
 c - a +0 shield (worn)
Jewellery
 m - an amulet of regeneration (around neck)
Scrolls
 f - a scroll of fog
 l - 2 scrolls of remove curse
 n - a scroll of teleportation
Potions
 d - a potion of might
 e - a potion of degeneration
 g - a potion of heal wounds {unknown}
 h - a potion of magic
 j - 2 potions of cancellation {unknown}
Comestibles
 k - 10 fruits


   Skills:
 + Level 4.4 Fighting
 + Level 4.1 Axes
 - Level 3.2 Armour
 + Level 1.1 Dodging
 + Level 3.7 Shields


You had 4 spell levels left.
You didn't know any spells.

Dungeon Overview and Level Annotations

Branches:
Dungeon (4/15)
 Temple: D:4-7

Altars:
Ashenzari
Cheibriados
Elyvilon
Yredelemnul


Innate Abilities, Weirdness & Mutations

You can swim through water.
You cover ground slowly.
You can hop short distances.


Message History

You are ready to hop once more.
You start resting.
HP restored.
You start waiting.
Done waiting.
You see here a frilled lizard corpse.
There is a stone staircase leading down here.
You climb downwards.
You block the ogre's attack. The ogre hits you with a giant club!!
Ouch! That really hurt!
There is a stone staircase leading up, spattered with blood here.
You barely miss the ogre. The ogre hits you with a giant club.
You hit the ogre.
The ogre is lightly wounded.
You block the ogre's attack.
You hit the ogre.
The ogre is lightly wounded.
The ogre hits you with a giant club!!
Ouch! That really hurt!
You die...

.........##.#
.........##.#
...........## #
...........#.#
#.........#.#
#..#.##.....#
#.....O...#
#.##...####..#####
..........@.......#
.#..##.#.#O[......#
... ...#.#........#
## ###.#.#........#
<.#.####+#####
###.# ... ###


You could see an ogre.

Vanquished Creatures
  An orc wizard (D:3)
  3 gnolls (D:2)
  7 adders
  An ooze (D:2)
  3 worms
  A dart slug (D:1)
  A leopard gecko (D:1)
  4 orcs (D:3)
  3 giant cockroaches
  A goblin (D:2)
  4 hobgoblins
  A quokka (D:3)
  4 ball pythons
  7 bats
  5 frilled lizards
  7 kobolds
  7 rats
60 creatures vanquished.

Notes
Turn   | Place    | Note
-------+----------+-------------------------------------------
     0 | D:1      | poirepourri the Barachian Fighter began the quest for the Orb.
     0 | D:1      | Reached XP level 1. HP: 18/18 MP: 1/1
   287 | D:1      | Reached XP level 2. HP: 19/24 MP: 2/2
   757 | D:2      | Found a white marble altar of Elyvilon.
   770 | D:2      | Reached XP level 3. HP: 22/30 MP: 3/3
   779 | D:2      | HP: 1/30 [gnoll/club (2)]
  1223 | D:2      | Reached XP level 4. HP: 28/37 MP: 4/4
  1438 | D:2      | Found a shattered altar of Ashenzari.
  1598 | D:2      | Reached skill level 1 in Dodging
  2196 | D:3      | Reached XP level 5. HP: 42/42 MP: 5/5
  2220 | D:3      | Found a basalt altar of Yredelemnul.
  2728 | D:3      | Found a snail-covered altar of Cheibriados.
  2809 | D:4      | Noticed an ogre
  2990 | D:4      | Mangled by an ogre

Vault maps used:
D:1:      dpeg_arrival_tiny_k
D:2:      elyvilon_altar_5, overflow_temple_1_default, roderic_lattice_a
D:3:      lemuel_coloured_pillars_altar, nicolae_overflow_hidden_temple,
          dk_vineyard_3
D:4:      nicolae_overflow_crystal_walls

Skill      XL: |  1  2  3  4  5 |
---------------+----------------+-----
Fighting       | 4 |  4.4
Axes           | 3 4 |  4.1
Dodging        | 1 |  1.1
Armour         | |  3.2
Shields        | |  3.7

Action                   |  1- 3 |  4- 6 || total
-------------------------+-------+-------++-------
Melee: War axe           |    81 |   108 ||   189
 Abil: Hop               |     1 |     1 ||     2
  Use: Scroll            |     5 |     2 ||     7
       Potion            |     1 |       ||     1
  Eat: Royal jelly       |     1 |       ||     1
       Bread ration      |       |     1 ||     1
       Fruit             |       |     2 ||     2
Armor: Scale mail        |    46 |    44 ||    90
Dodge: Dodged            |    32 |    43 ||    75
Block: Shield            |    46 |    56 ||   102
